 Dungeon Crawl Stone Soup version 0.27-a0-1217-g8a41f320e8 (webtiles) character file.

Game seed: 9095132065207710753

9830 pokeman the Thaumaturge (level 11, -3/60 HPs)
             Began as a Deep Elf Hedge Wizard on June 5, 2021.
             Was an Elder of Vehumet.
             Shot with an arrow by a centaur warrior (20 damage)
             ... on level 10 of the Dungeon on June 6, 2021.
             The game lasted 00:36:57 (15036 turns).

pokeman the Thaumaturge (Deep Elf Hedge Wizard)    Turns: 15036, Time: 00:36:58

Health: -3/60      AC:  5    Str:  7    XL:     11   Next: 28%
Magic:  7/31       EV: 13    Int: 25    God:    Vehumet [****..]
Gold:   599        SH:  5    Dex: 20    Spells: 27/39 levels left

rFire    + . .     SeeInvis .   V - +6 rapier "Poaxeuqu" {vorpal, *Corrode rPois Int+2}
rCold    . . .     Faith    .   (no shield)
rNeg     . . .     Spirit   .   l - +0 leather armour
rPois    +         Reflect  +   g - +1 hat
rElec    .         Harm     .   o - +0 cloak {rPois}
rCorr    .         Rampage  .   (no gloves)
Will     +....                  (no boots)
Stlth    ++........             E - amulet of reflection
HPRegen  0.20/turn              N - +6 ring of dexterity
MPRegen  0.22/turn              O - ring of protection from fire

@: no status effects
A: no striking features
a: Renounce Religion


You were on level 10 of the Dungeon.
You worshipped Vehumet.
Vehumet was greatly pleased with you.
You visited 2 branches of the dungeon, and saw 11 of its levels.
You also visited: Ossuary.

You collected 600 gold pieces.
You spent 1 gold pieces at shops.

Inventory:

Hand Weapons
 n - a +4 quarterstaff of chaos
 w - a +0 shortbow
 U - a -2 triple crossbow
 V - the +6 rapier "Poaxeuqu" (weapon) {vorpal, *Corrode rPois Int+2}
   (You found it on level 10 of the Dungeon)

   It inflicts extra damage upon your enemies.
   It affects your intelligence (+2).
   It protects you from poison.
   It may corrode you when you take damage.
 Y - a +0 whip of distortion
Missiles
 a - 46 bolts
 x - 199 arrows
 X - a curare-tipped dart
Armour
 g - a +1 hat (worn)
 j - a +2 buckler
 l - a +0 leather armour (worn)
 o - a +0 cloak of poison resistance (worn)
Jewellery
 v - an amulet of guardian spirit
 E - an amulet of reflection (around neck)
 N - a +6 ring of dexterity (left hand)
 O - a ring of protection from fire (right hand)
 P - a ring of poison resistance
Wands
 G - a wand of acid (7)
 K - a wand of iceblast (6)
 R - a wand of flame (34)
Scrolls
 d - 14 scrolls of identify {unknown}
 e - 3 scrolls of teleportation {unknown}
 f - 2 scrolls of blinking {unknown}
 h - a scroll of acquirement {unknown}
 k - 3 scrolls of magic mapping {unknown}
 u - a scroll of vulnerability {unknown}
 y - 5 scrolls of fog {unknown}
 z - 2 scrolls of silence {unknown}
 C - a scroll of noise {unknown}
 D - a scroll of fear {unknown}
 F - a scroll of immolation {unknown}
 I - a scroll of enchant weapon {unknown}
 L - 3 scrolls of summoning {unknown}
 Q - 2 scrolls of enchant armour {unknown}
 S - a scroll of holy word {unknown}
 T - a scroll of brand weapon {unknown}
Potions
 b - 4 potions of flight {unknown}
 c - a potion of heal wounds {unknown}
 i - a potion of might {unknown}
 m - a potion of mutation {unknown}
 p - 2 potions of lignification {unknown}
 q - 8 potions of curing {unknown}
 r - 2 potions of ambrosia {unknown}
 s - 3 potions of magic {unknown}
 t - 2 potions of degeneration {unknown}
 A - 3 potions of attraction {unknown}
 B - a potion of resistance
 H - a potion of cancellation {unknown}
 M - 2 potions of haste
 W - a potion of invisibility {unknown}
Miscellaneous
 J - a tin of tremorstones (2/2)


   Skills:
 + Level 3.2 Fighting
 - Level 3.1 Armour
 - Level 3.3 Dodging
 - Level 3.0 Stealth
 - Level 4.0 Shields
 * Level 14.5 Spellcasting
 + Level 8.8 Conjurations
 - Level 1.1 Summonings
 - Level 1.1 Translocations
 + Level 8.2 Fire Magic
 - Level 1.0 Air Magic
 - Level 1.0 Poison Magic
 - Level 1.0 Evocations


You had 27 spell levels left.
You knew the following spells:

 Your Spells              Type           Power      Damage    Failure   Level
a - Magic Dart            Conj           100%       1d8       1%          1
b - Mephitic Cloud        Conj/Pois/Air  36%        N/A       1%          3
c - Call Imp              Summ           23%        N/A       4%          2
d - Blink                 Tloc           N/A        N/A       4%          2
e - Conjure Flame         Conj/Fire      57%        6-21      1%          3
f - Shock                 Conj/Air       100%       1d9       1%          1

Your spell library contained the following spells:

 Spells                   Type           Power      Damage    Failure   Level
 Olgreb's Toxic Radiance  Pois           23%        N/A       8%          4
 Searing Ray              Conj           100%       3d7       1%          2
 Dazzling Flash           Conj/Hex       80%        N/A       1%          3
 Iskenderun's Mystic Bla  Conj/Tloc      43%        2d10      1%          4
 Fulminant Prism          Conj/Hex       20%        3d13      2%          4
 Corona                   Hex            20%        N/A       4%          1
 Ensorcelled Hibernation  Hex/Ice        36%        N/A       7%          2
 Slow                     Hex            18%        N/A       7%          2
 Confusing Touch          Hex            18%        N/A       14%         3
 Tukima's Dance           Hex            18%        N/A       14%         3


Dungeon Overview and Level Annotations

Branches:
Dungeon (10/15)            Temple (1/1) D:7            Lair (0/6) D:9
    Orc (0/2) D:10        Ossuary (visited)

Altars:
Ashenzari
Dithmenos
Fedhas
Gozag
Hepliaklqana
Makhleb
Nemelex Xobeh
Okawaru
Ru
Trog
Vehumet
Xom
Yredelemnul
Zin

Shops:
D:2 [   D:10 *

Annotations:
D:6 1 runed translucent door, cobaltphoenix's ghost, novice GrEE
D:8 1 runed translucent door, iNFECTIOUSiTCH's ghost, novice OpBe


Message History

Confirm with . or Enter, or press ? or * to list all spells.
You blink.
Casting: Blink (safe; 4% risk of failure)
Confirm with . or Enter, or press ? or * to list all spells.
You blink.
The boulder beetle is engulfed in noxious fumes.
Casting: Blink (safe; 4% risk of failure)
Confirm with . or Enter, or press ? or * to list all spells.
Aiming: Mephitic Cloud (safe; 1% risk of failure)
Press: ? - help, Shift-Dir - straight line, f - boulder beetle
Aim: a boulder beetle (moderately wounded, rolling, not susceptible)
The ball explodes into a vile cloud!
The stinking cloud engulfs the boulder beetle but does no damage.
The boulder beetle is moderately wounded.
The boulder beetle is engulfed in noxious fumes.
The boulder beetle barely misses you.
The boulder beetle stops rolling and uncurls.
Unknown command.
Casting: Mephitic Cloud (safe; 1% risk of failure)
Confirm with . or Enter, or press ? or * to list all spells.
You blink.
The boulder beetle curls into a ball and begins rolling!
Casting: Blink (safe; 4% risk of failure)
Confirm with . or Enter, or press ? or * to list all spells.
Aiming: Mephitic Cloud (safe; 1% risk of failure)
Press: ? - help, Shift-Dir - straight line, p - boulder beetle The ball explodes into a vile cloud!
The stinking cloud engulfs the boulder beetle but does no damage.
The boulder beetle is moderately wounded.
A centaur warrior comes into view.
The boulder beetle is engulfed in noxious fumes.
The boulder beetle appears confused.
The boulder beetle is engulfed in noxious fumes.
Unknown command.
The centaur warrior wields a +0 shortbow.
The centaur warrior shoots an arrow.
The arrow hits you!!
* * * LOW HITPOINT WARNING * * *
The boulder beetle is engulfed in noxious fumes.
The centaur warrior shoots an arrow.
The arrow hits you!!
You die...

.# #......#.##.##.#...# .#
######...)'.#.....## .#
##.o##.##)##.# .#
#######..###..##.##### '######
#.........#).........#
#.....###.........).##.......#
#####.'.#....°○○.).###.......#
# #...#.#.....○..#.###.......#
#.###.#...°B○☼@#...#.......#
#...#.#....☼.☼.###.........#
#####.#.#.c..☼°..# ###....∩..#
......#..........# #########
#########........# ##########


You could see a boulder beetle (rolling, confused), an orc knight and a centaur
warrior.

Vanquished Creatures
  2 two-headed ogres (D:8)
  A manticore (D:8)
  A kobold demonologist (D:7)
  A komodo dragon (D:9)
  A troll (D:9)
  Prince Ribbit (D:9)
  Sigmund (D:2)
  2 shadows
  10 yaks
  A wraith (D:10)
  A vampire mosquito (D:8)
  A steam dragon (D:8)
  A water moccasin (D:5)
  An ice beast (D:8)
  3 sky beasts
  A black bear (D:7)
  2 orc warriors
  7 centaurs
  2 ogres
  3 kobold brigands
  An elf zombie (Ossuary)
  2 bullfrogs
  A wyvern skeleton (D:6)
  2 troll zombies (D:10)
  A water moccasin skeleton (D:6)
  8 killer bees
  4 wights (D:8)
  6 howler monkeys
  A human zombie (Ossuary)
  8 centaur zombies
  A bullfrog zombie (D:7)
  3 hounds
  3 jellies
  A bullfrog skeleton (D:5)
  7 orc priests
  A gnoll shaman (D:8)
  4 iguanas
  Terence (D:2)
  10 orc wizards
  3 ogre zombies (D:10)
  A hound skeleton (D:4)
  2 mummies (Ossuary)
  2 howler monkey zombies (D:9)
  9 adders
  3 gnolls (D:8)
  A shadow imp (D:8)
  A white imp (D:7)
  2 ufetubi (D:5)
  An adder skeleton (D:5)
  A worm (D:2)
  2 dart slugs
  30 orcs
  7 endoplasms
  17 giant cockroaches
  A goblin (D:3)
  9 hobgoblins
  7 jackals
  17 kobolds
  17 ball pythons
  5 bats
  3 frilled lizards
  2 goblin skeletons (D:10)
  3 goblin zombies (D:10)
  14 hobgoblin zombies
  3 jackal zombies (Ossuary)
  10 kobold zombies (Ossuary)
  2 orc skeletons (D:10)
  15 orc zombies
  3 rats
  A rat zombie (Ossuary)
302 creatures vanquished.

Vanquished Creatures (collateral kills)
  Crazy Yiuf (D:3)
1 creature vanquished.

Vanquished Creatures (others)
  A killer bee (D:10)
  3 fungi (D:8)
  10 plants
14 creatures vanquished.

Grand Total: 317 creatures vanquished

Notes
Turn   | Place    | Note
-------+----------+-------------------------------------------
     0 | D:1      | pokeman the Deep Elf Hedge Wizard began the quest for the
                  | Orb.
     0 | D:1      | Reached XP level 1. HP: 10/10 MP: 7/7
   250 | D:1      | Reached XP level 2. HP: 16/16 MP: 5/9
   816 | D:1      | Reached skill level 5 in Spellcasting
  1082 | D:2      | Noticed Terence
  1158 | D:2      | Noticed Sigmund
  1316 | D:2      | Reached XP level 3. HP: 20/20 MP: 4/11
  1320 | D:2      | Learned a level 3 spell: Mephitic Cloud
  1323 | D:2      | Learned a level 2 spell: Call Imp
  1326 | D:2      | Learned a level 2 spell: Blink
  1330 | D:2      | Learned a level 3 spell: Conjure Flame
  1456 | D:2      | Killed Terence
  1457 | D:2      | Reached skill level 1 in Fighting
  1457 | D:2      | Reached skill level 1 in Armour
  1651 | D:2      | Found Festraz's Antique Armour Shoppe.
  1670 | D:2      | Killed Sigmund
  1671 | D:2      | Reached skill level 6 in Spellcasting
  1671 | D:2      | Reached skill level 1 in Fire Magic
  1671 | D:2      | Reached XP level 4. HP: 25/25 MP: 7/14
  1671 | D:2      | Reached XP level 5. HP: 29/29 MP: 7/15
  1850 | D:2      | You fall into a shaft and drop 1 floor!
  2963 | D:3      | Reached XP level 6. HP: 20/34 MP: 6/17
  3504 | D:3      | Found a runed translucent door.
  3505 | D:3      | Noticed Crazy Yiuf
  3536 | D:3      | Killed Crazy Yiuf
  3883 | D:4      | Reached skill level 1 in Air Magic
  3889 | D:4      | Reached skill level 7 in Spellcasting
  4565 | D:4      | Reached skill level 1 in Poison Magic
  4921 | D:5      | Entered Level 5 of the Dungeon
  5336 | D:5      | Reached XP level 7. HP: 38/38 MP: 14/20
  5404 | D:5      | Reached skill level 1 in Shields
  5406 | D:5      | Reached skill level 8 in Spellcasting
  6311 | D:5      | Found an iron altar of Okawaru.
  6464 | D:5      | Found a sacrificial altar of Ru.
  6721 | D:6      | Reached skill level 9 in Spellcasting
  6721 | D:6      | Reached XP level 8. HP: 43/43 MP: 10/23
  7759 | D:6      | Reached skill level 5 in Conjurations
  7801 | D:6      | Found a runed translucent door.
  7806 | D:6      | Noticed cobaltphoenix's ghost (novice GrEE)
  8226 | D:7      | Found a staircase to the Ecumenical Temple.
  8239 | Temple   | Entered the Ecumenical Temple
  8261 | Temple   | Became a worshipper of Vehumet
  8556 | D:7      | Found a sand-covered staircase.
  8565 | Ossuary  | Entered an ossuary
  8806 | Ossuary  | Reached * piety under Vehumet
  8806 | Ossuary  | Offered knowledge of Shock by Vehumet.
  8956 | Ossuary  | Reached skill level 10 in Spellcasting
  9308 | D:7      | Noticed a kobold demonologist
  9317 | D:7      | Killed a kobold demonologist
  9318 | D:7      | Reached XP level 9. HP: 39/47 MP: 19/25
  9558 | D:7      | Reached skill level 5 in Fire Magic
  9962 | D:8      | Noticed a two-headed ogre
 10029 | D:7      | Learned a level 1 spell: Shock
 10041 | D:8      | Reached skill level 11 in Spellcasting
 10273 | D:8      | Reached skill level 1 in Evocations
 10740 | D:8      | Found a runed translucent door.
 10758 | D:8      | Noticed iNFECTIOUSiTCH's ghost (novice OpBe)
 10767 | D:8      | Identified the +5 trident of Crusades {vorpal, *Corrode
                  | rElec Int-3 SInv}
 10867 | D:8      | Noticed a two-headed ogre
 10881 | D:8      | Killed a two-headed ogre
 10882 | D:8      | Reached skill level 12 in Spellcasting
 10953 | D:8      | Offered knowledge of Poisonous Vapours by Vehumet.
 10959 | D:8      | Reached ** piety under Vehumet
 11119 | D:8      | Killed a two-headed ogre
 11120 | D:8      | Reached XP level 10. HP: 43/53 MP: 11/28
 12104 | D:8      | Reached skill level 13 in Spellcasting
 12216 | D:8      | Noticed a manticore
 12232 | D:8      | Killed a manticore
 13224 | D:9      | Found a bloodstained altar of Trog.
 13454 | D:9      | Noticed Prince Ribbit
 13460 | D:9      | Killed Prince Ribbit
 13491 | D:9      | Found a staircase to the Lair.
 13572 | D:10     | Entered Level 10 of the Dungeon
 13589 | D:10     | Offered knowledge of Frozen Ramparts by Vehumet.
 13849 | D:10     | Found Rurphim's Lightly-Used Armoury.
 13860 | D:10     | Reached skill level 14 in Spellcasting
 13861 | D:10     | Reached *** piety under Vehumet
 13862 | D:10     | Reached XP level 11. HP: 49/58 MP: 24/31
 13943 | D:10     | Bought a -2 triple crossbow for 1 gold piece
 14020 | D:10     | Identified the +6 rapier "Poaxeuqu" {vorpal, *Corrode rPois
                  | Int+2}
 14181 | D:10     | Found a basalt altar of Yredelemnul.
 14184 | D:10     | Found an opulent altar of Gozag.
 14188 | D:10     | Found a broken altar of Ashenzari.
 14259 | D:10     | Offered knowledge of Olgreb's Toxic Radiance by Vehumet.
 14369 | D:10     | Found a staircase to the Orcish Mines.
 14925 | D:10     | Reached **** piety under Vehumet
 15011 | D:10     | Noticed an orc knight
 15020 | D:10     | Noticed a boulder beetle
 15034 | D:10     | Noticed a centaur warrior
 15036 | D:10     | Shot with an arrow by a centaur warrior

Illustrated notes

Levels and vault maps discovered:
D:1:      minmay_arrival_four_circles, layout_basic
D:2:      minmay_roachtagon, layout_basic, serial_shops, shop_statue,
          uniq_terence, uniq_sigmund
D:3:      layout_basic, uniq_crazy_yiuf_cottage
D:4:      minmay_inner_zag, layout_basic, minmay_snake_closets
D:5:      layout_basic, marbit_many_paths, okawaru_ov_weapons_minmay,
          minmay_fractal_squares_5
D:6:      layout_loops_corners, ebering_ghost_reflecting_pool
D:7:      layout_layer_cave, minmay_temple_entry_glass,
          nicolae_ossuary_entry_monument
D:8:      minmay_slanted_spiral_squares, layout_basic,
          ebering_ghost_funeral_grove, minivault_22
D:9:      layout_long_grid, trog_book, david_lair_shrubbed, uniq_prince_ribbit1
D:10:     layout_roguey, grunt_temple_overflow_diamond, zombieorc1_lemuel,
          minmay_shop_damaged, minmay_fractal_squares_gapless_7
Temple:   eino_temple_scatter_basement

Skill      XL: |  1  2  3  4  5  6  7  8  9 10 11 |
---------------+----------------------------------+-----
Spellcasting   | 5 6 7 9 10 12 14 | 14.5
Fighting       | 1 2 3 |  3.2
Armour         | 1 3 |  3.1
Conjurations   | 2 3 4 5 7 8 |  8.8
Dodging        | 3 |  3.3
Fire Magic     | 1 2 3 4 6 7 8 |  8.2
Air Magic      | 1 |  1.0
Stealth        | 3 |  3.0
Poison Magic   | 1 |  1.0
Shields        | 2 3 4 |  4.0
Evocations     | 1 |  1.0
Summonings     | |  1.1
Translocations | |  1.1

Action                   |  1- 3 |  4- 6 |  7- 9 | 10-12 || total
-------------------------+-------+-------+-------+-------++-------
Melee: Dagger            |     8 |       |       |       ||     8
       Flail             |     6 |       |       |       ||     6
       Quarterstaff      |       |    23 |    88 |    75 ||   186
       Rapier            |       |       |       |    31 ||    31
 Cast: Magic Dart        |    63 |   161 |   154 |     7 ||   385
       Mephitic Cloud    |     2 |     5 |    25 |    24 ||    56
       Conjure Flame     |     2 |     1 |    23 |    29 ||    55
       Call Imp          |       |     7 |     9 |       ||    16
       Shock             |       |       |    74 |   172 ||   246
       Blink             |       |       |     2 |     4 ||     6
 Stab: Sleeping          |     1 |       |     1 |       ||     2
       Confused          |     1 |       |     4 |    11 ||    16
Armor: Robe              |     3 |     1 |       |       ||     4
       Leather armour    |       |    12 |    38 |    40 ||    90
Dodge: Dodged            |    16 |    32 |    88 |    81 ||   217
Block: Other             |       |       |    34 |    24 ||    58
       Reflection        |       |       |     1 |     1 ||     2

Table legend: (Time is in decaauts)
 A = Elapsed time spent in this place.
 B = Non-inter-level travel time spent in this place.
 C = Inter-level travel time spent in this place.
 D = Time resting spent in this place.
 E = Time spent auto-exploring this place.
 F = Levels seen in this place.
 G = Mean time per level.
                   A        B        C        D        E       F      G
               +--------+--------+--------+--------+--------+-----+--------+
         Total |  15104 |  14567 |    537 |   1104 |  11193 |  12 | 1258.7 |
       Dungeon |  14552 |  14035 |    517 |   1101 |  10865 |  10 | 1455.2 |
        Temple |     43 |     23 |     20 |      0 |     14 |   1 |   43.0 |
       Ossuary |    508 |    508 |      0 |      3 |    314 |   1 |  508.0 |
               +--------+--------+--------+--------+--------+-----+--------+

Top non-repeatable levels by time:
     D:8: 2236 daAuts
     D:4: 1587 daAuts
     D:6: 1577 daAuts
    D:10: 1474 daAuts
     D:7: 1458 daAuts
     D:5: 1351 daAuts
     D:2: 1300 daAuts
     D:3: 1267 daAuts
     D:1: 1169 daAuts
     D:9: 1129 daAuts
 Ossuary: 508 daAuts
  Temple: 43 daAuts
